Kings vs Canadiens

Created - December-03-14 at 17:28

Goals
1 2 3 T
Kings 0 0 1 1
Canadiens 1 2 0 3
Shots
1 2 3 T
Kings 6 4 11 21
Canadiens 16 12 7 35

1st period

1. Canadiens , Chris Kunitz 10 (Alexander Steen, Dan Girardi) at 18:05

Penalties :
Dennis Seidenberg (LOS) for Interference (Minor) at 4:12, Steve Oleksy (MTL) for Holding (Minor) at 9:49, Jason Demers (MTL) for Roughing (Minor) at 16:38, Dustin Penner (LOS) for Hooking (Minor) at 16:38

2nd period

2. Canadiens , Paul Stastny 12 (Jordan Eberle) at 14:02
3. Canadiens , Paul Stastny 13 (Jordan Eberle, Mason Raymond) at 15:18

Penalties :
Colin Wilson (LOS) for Hooking (Minor) at 0:54, Dennis Seidenberg (LOS) for Interference (Minor) at 16:59

3rd period

4. Kings , Mike Richards 7 (Dennis Seidenberg, Kris Letang) at 1:23 (PP)

Penalties :
Chris Kunitz (MTL) for Cross-checking (Minor) at 0:48, Mike Weber (MTL) for Holding (Minor) at 1:53, Brian Gionta (LOS) for Holding (Minor) at 4:58

Goalie Stats

Steve Mason (LOS), 32 saves from 35 shots - (0.914), L, 9-10-1, 60:00 minutes
Jonathan Bernier (MTL), 20 saves from 21 shots - (0.952), W, 6-8-1, 60:00 minutes

Players Stats for Kings

Player Name              G  A  P  +/- PIM S  H  SB GA TA FO     MP     PP MP  PK MP  
------------------------------------------------------------------------------------
Blair Jones              0  0  0   0  0   0  0  0  0  0  0/0     1:55   0:39   0:38 
Brian Gionta             0  0  0  -1  2   2  1  0  0  0  0/1    15:42   0:00   0:00 
Colin Wilson             0  0  0  -1  2   0  3  0  0  0  1/1    15:55   0:00   0:13 
Dennis Seidenberg        0  1  1  -2  4   3  4  2  0  0  0/0    24:02   2:43   1:44 
Dustin Penner            0  0  0   0  2   1  3  0  0  0  0/0     9:22   1:48   0:00 
J.T. Brown               0  0  0   0  0   1  0  0  0  0  0/1     9:19   0:00   0:00 
Jamie McBain             0  0  0   0  0   1  0  0  0  0  0/0    10:31   1:05   1:11 
Kris Letang              0  1  1  -2  0   3  2  2  0  0  0/0    24:52   3:28   4:13 
Michal Handzus           0  0  0   0  0   1  1  0  0  0  11/19  17:10   2:45   5:06 
Mikael Granlund          0  0  0  -1  0   5  0  1  0  0  10/21  19:04   1:48   0:00 
Mike Richards            1  0  1  -1  0   1  0  0  0  0  2/3    22:06   2:45   4:53 
Mikhail Grabovski        0  0  0  -1  0   0  0  0  0  0  8/16   10:32   0:00   2:31 
Nate Thompson            0  0  0   0  0   1  1  0  0  0  0/0     9:19   0:00   0:00 
Robyn Regehr             0  0  0   0  0   1  2  1  0  0  0/0    14:27   0:00   0:20 
Ryan Nugent-Hopkins      0  0  0  -1  0   0  4  0  0  0  10/21  20:30   0:00   0:00 
Sean Monahan             0  0  0  -2  0   1  0  0  0  0  0/0    19:46   3:54   2:31 
Tobias Enstrom           0  0  0  -1  0   0  0  1  0  0  0/0    22:28   0:00   4:40 
Tyler Myers              0  0  0  -1  0   0  4  0  0  0  0/0    23:00   1:50   3:44 

Players Stats for Canadiens

Player Name              G  A  P  +/- PIM S  H  SB GA TA FO     MP     PP MP  PK MP  
------------------------------------------------------------------------------------
Alexander Edler          0  0  0   2  0   1  0  0  0  0  0/0    18:33   4:18   0:30 
Alexander Killorn        0  0  0   0  0   1  4  0  0  0  0/1     8:33   0:00   0:00 
Alexander Steen          0  1  1   1  0   5  0  0  0  0  12/26  24:22   3:26   3:11 
Brenden Morrow           0  0  0   0  0   1  1  0  0  0  0/0     6:28   0:00   0:00 
Cam Fowler               0  0  0   0  0   1  0  2  0  0  0/0    25:35   3:38   1:55 
Chris Kunitz             1  0  1   1  2   7  4  0  0  0  1/2    21:10   3:26   0:00 
Dan Girardi              0  1  1   1  0   4  0  1  0  0  0/0    21:07   4:18   3:05 
Jason Demers             0  0  0   0  2   1  3  0  0  0  0/0    10:10   0:00   0:00 
Jordan Eberle            0  2  2   2  0   3  0  1  0  0  0/0    20:37   4:30   1:22 
Manny Malhotra           0  0  0   0  0   2  0  0  0  0  7/11    7:50   0:00   1:22 
Martin Erat              0  0  0   0  0   0  0  0  0  0  1/1    15:01   0:00   0:00 
Mason Raymond            0  1  1   2  0   0  1  0  0  0  1/2    18:18   4:30   0:00 
Mike Weber               0  0  0   0  2   2  5  2  0  0  0/0    18:14   3:38   0:58 
Paul Stastny             2  0  2   2  0   6  0  0  0  0  10/26  22:26   4:30   3:11 
Radim Vrbata             0  0  0   0  0   1  0  0  0  0  1/2    20:09   3:26   0:00 
Radko Gudas              0  0  0   0  0   0  1  0  0  0  0/0    12:29   0:00   2:38 
Saku Koivu               0  0  0   0  0   0  1  0  0  0  8/12    8:33   0:00   0:00 
Steve Oleksy             0  0  0   3  2   0  0  0  0  0  0/0    13:49   0:00   0:00 

3 Stars

1 - Paul Stastny (MTL)
2 - Jonathan Bernier (MTL)
3 - Jordan Eberle (MTL)

Power Play

Kings - 1 on 3 Attempt(s) - 33.33%
Canadiens - 0 on 4 Attempt(s) - 0.00%

Penalty Kill

Kings - 4 on 4 Attempt(s) - 100.00% - Score 0 goal in Penalty Kill
Canadiens - 2 on 3 Attempt(s) - 66.67% - Score 0 goal in Penalty Kill

Official

Referees : Brad Meier and Kyle Rehman
Linesman : David Brisebois and Andy McElman

Game Notes

Jamie McBain is injured at 4:20 of 3rd period (Back)

Finance

Level 1 -- Attendance: 4696 (72.25%) -- Ticket Income $516,560
Level 2 -- Attendance: 5000 (100.00%) -- Ticket Income $375,000
Level 3 -- Attendance: 3116 (89.03%) -- Ticket Income $171,380
Level 4 -- Attendance: 2844 (53.94%) -- Ticket Income $113,760
Luxury Box -- Attendance: 919 (91.90%) -- Ticket Income $182,881
Game was played at the Bell Centre
Total Attendance: 16575 (77.92%)
Total Ticket Income: $1,359,581
Other Income: $203,937
Total Income: $1,563,518

% Time on Ice - Kings

Lines # - Real PCT - Wanted PCT - Time Play
Normal Forward
1 - 28% - 40% - 12:55
2 - 35% - 30% - 15:43
3 - 17% - 20% - 7:35
4 - 20% - 10% - 9:19
Normal Defense
1 - 35% - 40% - 15:47
2 - 29% - 30% - 12:59
3 - 31% - 20% - 14:07
4 - 6% - 10% - 2:39
PP Forward
1 - 60% - 60% - 2:45
2 - 40% - 40% - 1:48
PP Defense
1 - 60% - 60% - 2:43
2 - 40% - 40% - 1:50
PK Forward
1 - 68% - 60% - 5:25
2 - 32% - 40% - 2:31
PK Defense
1 - 68% - 60% - 5:24
2 - 32% - 40% - 2:32
PK3 Forward
1 - 0% - 60%
2 - 0% - 40%
PK3 Defense
1 - 0% - 60%
2 - 0% - 40%
44 Forward
1 - 78% - 60% - 1:33
2 - 22% - 40% - 0:26
44 Defense
1 - 59% - 60% - 1:10
2 - 41% - 40% - 0:49
Last Minute Offensive  - 0:00
Last Minute Defensive  - 0:00
Total
Forward - 60:00
Defense - 60:00

% Time on Ice - Canadiens

Lines # - Real PCT - Wanted PCT - Time Play
Normal Forward
1 - 37% - 36% - 16:43
2 - 30% - 28% - 13:48
3 - 19% - 20% - 8:33
4 - 14% - 16% - 6:28
Normal Defense
1 - 28% - 28% - 12:42
2 - 28% - 27% - 12:48
3 - 22% - 23% - 9:51
4 - 22% - 22% - 10:11
PP Forward
1 - 43% - 60% - 3:26
2 - 57% - 40% - 4:30
PP Defense
1 - 46% - 50% - 3:38
2 - 54% - 50% - 4:18
PK Forward
1 - 70% - 60% - 3:11
2 - 30% - 40% - 1:22
PK Defense
1 - 58% - 60% - 2:38
2 - 42% - 40% - 1:55
PK3 Forward
1 - 0% - 60%
2 - 0% - 40%
PK3 Defense
1 - 0% - 60%
2 - 0% - 40%
44 Forward
1 - 52% - 50% - 1:02
2 - 48% - 50% - 0:57
44 Defense
1 - 52% - 50% - 1:02
2 - 48% - 50% - 0:57
Last Minute Offensive  - 0:00
Last Minute Defensive  - 0:00
Total
Forward - 60:00
Defense - 60:00

Play by Play

1st period


0:01 of 1st period - Alexander Steen wins face-off versus Ryan Nugent-Hopkins in neutral zone.
0:04 of 1st period - Ryan Nugent-Hopkins is hit by Chris Kunitz and loses puck.
0:22 of 1st period - Alexander Steen is hit by Kris Letang and loses puck.
0:28 of 1st period - Alexander Steen is hit by Dennis Seidenberg.
0:45 of 1st period - Alexander Steen is hit by Dennis Seidenberg and loses puck.
1:28 of 1st period - Shot by Paul Stastny.
1:28 of 1st period - Stopped by Steve Mason without a rebound.
1:29 of 1st period - Saku Koivu wins face-off versus Mikael Granlund in Kings zone.
2:59 of 1st period - Shot by Alexander Steen.
2:59 of 1st period - Deflect By Chris Kunitz.
2:59 of 1st period - Shot Misses the Net.
3:14 of 1st period - Off-side.
3:15 of 1st period - Michal Handzus wins face-off versus Paul Stastny in neutral zone.
3:40 of 1st period - Shot by Paul Stastny.
3:40 of 1st period - Deflect By Jordan Eberle.
3:40 of 1st period - Stopped by Steve Mason without a rebound.
3:41 of 1st period - Mikhail Grabovski wins face-off versus Manny Malhotra in Kings zone.
4:04 of 1st period - Shot by Ryan Nugent-Hopkins.
4:04 of 1st period - Shot Misses the Net.
4:12 of 1st period - Minor Penalty to Dennis Seidenberg for Interference.
4:13 of 1st period - Michal Handzus wins face-off versus Alexander Steen in Kings zone.
5:29 of 1st period - Shot by Paul Stastny.
5:29 of 1st period - Shot Misses the Net.
5:31 of 1st period - Shot by Jordan Eberle.
5:31 of 1st period - Shot Misses the Net.
5:33 of 1st period - Shot by Cam Fowler.
5:33 of 1st period - Stopped by Steve Mason without a rebound.
5:34 of 1st period - Mason Raymond wins face-off versus Mikhail Grabovski in Kings zone.
5:38 of 1st period - Paul Stastny is hit by Tyler Myers and loses puck.
5:44 of 1st period - Paul Stastny is hit by Tyler Myers and loses puck.
5:53 of 1st period - Shot by Paul Stastny.
5:53 of 1st period - Stopped by Steve Mason with a rebound.
5:55 of 1st period - Shot by Cam Fowler.
5:55 of 1st period - Shot Misses the Net.
5:57 of 1st period - Shot by Mike Weber.
5:57 of 1st period - Stopped by Steve Mason with a rebound.
6:23 of 1st period - Shot by Martin Erat.
6:23 of 1st period - Shot Misses the Net.
6:25 of 1st period - Shot by Alexander Edler.
6:25 of 1st period - Shot Misses the Net.
6:27 of 1st period - Shot by Manny Malhotra.
6:27 of 1st period - Stopped by Steve Mason without a rebound.
6:28 of 1st period - Ryan Nugent-Hopkins wins face-off versus Chris Kunitz in Kings zone.
6:30 of 1st period - Icing by Mikhail Grabovski.
6:31 of 1st period - Alexander Steen wins face-off versus Mikhail Grabovski in Kings zone.
6:38 of 1st period - Shot by Chris Kunitz.
6:38 of 1st period - Stopped by Steve Mason with a rebound.
6:46 of 1st period - Shot by Chris Kunitz.
6:46 of 1st period - Shot Blocked by Robyn Regehr.
6:48 of 1st period - Shot by Alexander Edler.
6:48 of 1st period - Shot Misses the Net.
7:00 of 1st period - Shot by Alexander Edler.
7:00 of 1st period - Shot Misses the Net.
7:02 of 1st period - Shot by Alexander Steen.
7:02 of 1st period - Shot Misses the Net.
7:04 of 1st period - Shot by Alexander Steen.
7:04 of 1st period - Stopped by Steve Mason with a rebound.
7:35 of 1st period - Mason Raymond is hit by Brian Gionta and loses puck.
9:17 of 1st period - Icing by Mike Weber.
9:18 of 1st period - Saku Koivu wins face-off versus Ryan Nugent-Hopkins in Canadiens zone.
9:23 of 1st period - Mike Richards is hit by Alexander Killorn and loses puck.
9:30 of 1st period - Shot by Mike Weber.
9:30 of 1st period - Stopped by Steve Mason without a rebound.
9:31 of 1st period - Mikael Granlund wins face-off versus Alexander Steen in Kings zone.
9:31 of 1st period - Brian Gionta is hit by Chris Kunitz and loses puck.
9:49 of 1st period - Minor Penalty to Steve Oleksy for Holding.
9:50 of 1st period - Paul Stastny wins face-off versus Michal Handzus in Canadiens zone.
9:59 of 1st period - Radko Gudas is hit by Michal Handzus and loses puck.
10:04 of 1st period - Shot by Dennis Seidenberg.
10:04 of 1st period - Stopped by Jonathan Bernier without a rebound.
10:05 of 1st period - Paul Stastny wins face-off versus Mikael Granlund in Canadiens zone.
10:05 of 1st period - Alexander Steen is hit by Dustin Penner and loses puck.
11:16 of 1st period - Shot by Dennis Seidenberg.
11:16 of 1st period - Stopped by Jonathan Bernier without a rebound.
11:17 of 1st period - Michal Handzus wins face-off versus Manny Malhotra in Canadiens zone.
11:20 of 1st period - Shot by Jamie McBain.
11:20 of 1st period - Shot Blocked by Mike Weber.
11:22 of 1st period - Shot by Dennis Seidenberg.
11:22 of 1st period - Stopped by Jonathan Bernier without a rebound.
11:23 of 1st period - Michal Handzus wins face-off versus Manny Malhotra in Canadiens zone.
11:23 of 1st period - Michal Handzus is hit by Mike Weber.
12:09 of 1st period - Shot by Saku Koivu.
12:09 of 1st period - Deflect By Alexander Killorn.
12:09 of 1st period - Stopped by Steve Mason without a rebound.
12:10 of 1st period - Manny Malhotra wins face-off versus Mikhail Grabovski in Kings zone.
12:34 of 1st period - Icing by Robyn Regehr.
12:35 of 1st period - Alexander Steen wins face-off versus Mikhail Grabovski in Kings zone.
12:40 of 1st period - Shot by Chris Kunitz.
12:40 of 1st period - Stopped by Steve Mason with a rebound.
13:16 of 1st period - Colin Wilson is hit by Chris Kunitz.
14:13 of 1st period - Icing by Paul Stastny.
14:14 of 1st period - Ryan Nugent-Hopkins wins face-off versus Paul Stastny in Canadiens zone.
15:00 of 1st period - Off-side.
15:01 of 1st period - Alexander Steen wins face-off versus Michal Handzus in neutral zone.
15:13 of 1st period - Mike Weber is hit by Nate Thompson and loses puck.
15:42 of 1st period - Shot by J.T. Brown.
15:42 of 1st period - Stopped by Jonathan Bernier without a rebound.
15:43 of 1st period - Mikael Granlund wins face-off versus Saku Koivu in Canadiens zone.
15:55 of 1st period - Shot by Mikael Granlund.
15:55 of 1st period - Stopped by Jonathan Bernier without a rebound.
15:56 of 1st period - Paul Stastny wins face-off versus Ryan Nugent-Hopkins in Canadiens zone.
15:56 of 1st period - Paul Stastny is hit by Ryan Nugent-Hopkins.
16:15 of 1st period - Mason Raymond is hit by Ryan Nugent-Hopkins and loses puck.
16:24 of 1st period - Shot by Paul Stastny.
16:24 of 1st period - Stopped by Steve Mason without a rebound.
16:25 of 1st period - Alexander Steen wins face-off versus Mikael Granlund in Kings zone.
16:36 of 1st period - Shot by Mikael Granlund.
16:36 of 1st period - Stopped by Jonathan Bernier without a rebound.
16:37 of 1st period - Saku Koivu wins face-off versus Mikhail Grabovski in Canadiens zone.
16:37 of 1st period - Saku Koivu is hit by Dustin Penner.
16:38 of 1st period - Minor Penalty to Jason Demers for Roughing.
16:38 of 1st period - Minor Penalty to Dustin Penner for Hooking.
16:39 of 1st period - Alexander Steen wins face-off versus Mike Richards in Canadiens zone.
16:52 of 1st period - Shot by Chris Kunitz.
16:52 of 1st period - Shot Misses the Net.
16:56 of 1st period - Shot by Alexander Steen.
16:56 of 1st period - Deflect By Chris Kunitz.
16:56 of 1st period - Stopped by Steve Mason with a rebound.
16:58 of 1st period - Shot by Dan Girardi.
16:58 of 1st period - Stopped by Steve Mason without a rebound.
16:59 of 1st period - Mike Richards wins face-off versus Paul Stastny in Kings zone.
17:13 of 1st period - Shot by Tobias Enstrom.
17:13 of 1st period - Shot Hit the Post.
17:31 of 1st period - Shot by Mikael Granlund.
17:31 of 1st period - Deflect By Mike Richards.
17:31 of 1st period - Shot Misses the Net.
17:33 of 1st period - Shot by Mike Richards.
17:33 of 1st period - Shot Misses the Net.
18:05 of 1st period - Shot by Chris Kunitz.
18:05 of 1st period - Goal by Chris Kunitz - Kings : 0 - Canadiens : 1.
18:06 of 1st period - Mike Richards wins face-off versus Alexander Steen in neutral zone.
18:33 of 1st period - Shot by Alexander Steen.
18:33 of 1st period - Stopped by Steve Mason without a rebound.
18:34 of 1st period - Mikhail Grabovski wins face-off versus Paul Stastny in Kings zone.
18:52 of 1st period - Michal Handzus is hit by Jason Demers and loses puck.
18:59 of 1st period - Shot by J.T. Brown.
18:59 of 1st period - Shot Misses the Net.
19:58 of 1st period - Off-side.
19:59 of 1st period - Mikael Granlund wins face-off versus Paul Stastny in neutral zone.
Goals for this period are 0 for Kings vs 1 for Canadiens.
Shots for this period are 6 for Kings vs 16 for Canadiens.

2nd period


0:01 of 2nd period - Alexander Steen wins face-off versus Ryan Nugent-Hopkins in neutral zone.
0:29 of 2nd period - Shot by Chris Kunitz.
0:29 of 2nd period - Shot Blocked by Kris Letang.
0:35 of 2nd period - Shot by Ryan Nugent-Hopkins.
0:35 of 2nd period - Shot Blocked by Cam Fowler.
0:37 of 2nd period - Shot by Kris Letang.
0:37 of 2nd period - Shot Misses the Net.
0:54 of 2nd period - Minor Penalty to Colin Wilson for Hooking.
0:55 of 2nd period - Michal Handzus wins face-off versus Paul Stastny in Kings zone.
1:14 of 2nd period - Icing by Jordan Eberle.
1:15 of 2nd period - Michal Handzus wins face-off versus Paul Stastny in Canadiens zone.
1:48 of 2nd period - Shot by Dan Girardi.
1:48 of 2nd period - Stopped by Steve Mason without a rebound.
1:49 of 2nd period - Mikhail Grabovski wins face-off versus Alexander Steen in Kings zone.
2:17 of 2nd period - Radim Vrbata is hit by Tyler Myers and loses puck.
2:22 of 2nd period - Shot by Alexander Steen.
2:22 of 2nd period - Deflect By Chris Kunitz.
2:22 of 2nd period - Shot Misses the Net.
2:24 of 2nd period - Shot by Alexander Steen.
2:24 of 2nd period - Stopped by Steve Mason without a rebound.
2:25 of 2nd period - Michal Handzus wins face-off versus Mason Raymond in Kings zone.
2:56 of 2nd period - Mikael Granlund is hit by Brenden Morrow and loses puck.
3:00 of 2nd period - Icing by Robyn Regehr.
3:01 of 2nd period - Mikael Granlund wins face-off versus Alexander Steen in Kings zone.
3:12 of 2nd period - Shot by Brian Gionta.
3:12 of 2nd period - Shot Blocked by Cam Fowler.
3:14 of 2nd period - Shot by Jamie McBain.
3:14 of 2nd period - Stopped by Jonathan Bernier without a rebound.
3:15 of 2nd period - Manny Malhotra wins face-off versus Mikhail Grabovski in Canadiens zone.
3:31 of 2nd period - Icing by Dan Girardi.
3:32 of 2nd period - Manny Malhotra wins face-off versus Mikael Granlund in Canadiens zone.
3:32 of 2nd period - Manny Malhotra is hit by Colin Wilson.
3:35 of 2nd period - Martin Erat is hit by Colin Wilson and loses puck.
4:23 of 2nd period - Icing by Mike Weber.
4:24 of 2nd period - Ryan Nugent-Hopkins wins face-off versus Manny Malhotra in Canadiens zone.
4:33 of 2nd period - Shot by Ryan Nugent-Hopkins.
4:33 of 2nd period - Shot Misses the Net.
4:50 of 2nd period - Icing by Dan Girardi.
4:51 of 2nd period - Manny Malhotra wins face-off versus Michal Handzus in Canadiens zone.
6:06 of 2nd period - Shot by Chris Kunitz.
6:06 of 2nd period - Stopped by Steve Mason without a rebound.
6:07 of 2nd period - Mikael Granlund wins face-off versus Alexander Steen in Kings zone.
7:10 of 2nd period - Steve Oleksy is hit by Ryan Nugent-Hopkins and loses puck.
7:30 of 2nd period - Icing by Dennis Seidenberg.
7:31 of 2nd period - Saku Koivu wins face-off versus Ryan Nugent-Hopkins in Kings zone.
7:49 of 2nd period - Icing by Dennis Seidenberg.
7:50 of 2nd period - Ryan Nugent-Hopkins wins face-off versus Paul Stastny in Kings zone.
8:55 of 2nd period - Icing by Tyler Myers.
8:56 of 2nd period - Chris Kunitz wins face-off versus Mikael Granlund in Kings zone.
9:03 of 2nd period - Shot by Radim Vrbata.
9:03 of 2nd period - Shot Misses the Net.
9:11 of 2nd period - Shot by Chris Kunitz.
9:11 of 2nd period - Shot Blocked by Mikael Granlund.
9:13 of 2nd period - Shot by Jason Demers.
9:13 of 2nd period - Stopped by Steve Mason without a rebound.
9:14 of 2nd period - Ryan Nugent-Hopkins wins face-off versus Alexander Killorn in Kings zone.
10:06 of 2nd period - Icing by Dan Girardi.
10:07 of 2nd period - Saku Koivu wins face-off versus Michal Handzus in Canadiens zone.
11:17 of 2nd period - Off-side.
11:18 of 2nd period - Ryan Nugent-Hopkins wins face-off versus Paul Stastny in neutral zone.
11:45 of 2nd period - Shot by Paul Stastny.
11:45 of 2nd period - Stopped by Steve Mason without a rebound.
11:46 of 2nd period - Alexander Steen wins face-off versus Mikael Granlund in Kings zone.
11:49 of 2nd period - Shot by Chris Kunitz.
11:49 of 2nd period - Stopped by Steve Mason with a rebound.
11:56 of 2nd period - Chris Kunitz is hit by Tyler Myers and loses puck.
12:07 of 2nd period - Shot by Alexander Steen.
12:07 of 2nd period - Stopped by Steve Mason with a rebound.
12:45 of 2nd period - Shot by Jordan Eberle.
12:45 of 2nd period - Stopped by Steve Mason without a rebound.
12:46 of 2nd period - Ryan Nugent-Hopkins wins face-off versus Paul Stastny in Kings zone.
12:57 of 2nd period - Shot by Kris Letang.
12:57 of 2nd period - Stopped by Jonathan Bernier without a rebound.
12:58 of 2nd period - Manny Malhotra wins face-off versus Mikhail Grabovski in Canadiens zone.
12:58 of 2nd period - Dan Girardi is hit by Dustin Penner and loses puck.
13:07 of 2nd period - Shot by Mikhail Grabovski.
13:07 of 2nd period - Shot Blocked by Mike Weber.
13:09 of 2nd period - Shot by Dustin Penner.
13:09 of 2nd period - Stopped by Jonathan Bernier without a rebound.
13:10 of 2nd period - Paul Stastny wins face-off versus Ryan Nugent-Hopkins in Canadiens zone.
13:21 of 2nd period - Shot by Jordan Eberle.
13:21 of 2nd period - Stopped by Steve Mason without a rebound.
13:22 of 2nd period - Mikhail Grabovski wins face-off versus Radim Vrbata in Kings zone.
13:32 of 2nd period - Mikhail Grabovski is hit by Jason Demers.
13:35 of 2nd period - Dustin Penner is hit by Jason Demers and loses puck.
13:43 of 2nd period - Icing by Cam Fowler.
13:44 of 2nd period - Colin Wilson wins face-off versus Alexander Steen in Canadiens zone.
13:54 of 2nd period - Icing by Tyler Myers.
13:55 of 2nd period - Paul Stastny wins face-off versus Mikael Granlund in Kings zone.
14:02 of 2nd period - Shot by Paul Stastny.
14:02 of 2nd period - Goal by Paul Stastny - Kings : 0 - Canadiens : 2.
14:03 of 2nd period - Ryan Nugent-Hopkins wins face-off versus Alexander Steen in neutral zone.
14:30 of 2nd period - Shot by Chris Kunitz.
14:30 of 2nd period - Shot Misses the Net.
14:32 of 2nd period - Shot by Cam Fowler.
14:32 of 2nd period - Deflect By Radim Vrbata.
14:32 of 2nd period - Stopped by Steve Mason with a rebound.
15:05 of 2nd period - Paul Stastny is hit by Ryan Nugent-Hopkins and loses puck.
15:14 of 2nd period - Shot by Paul Stastny.
15:14 of 2nd period - Shot Blocked by Dennis Seidenberg.
15:16 of 2nd period - Shot by Mason Raymond.
15:16 of 2nd period - Shot Hit the Post.
15:18 of 2nd period - Shot by Jordan Eberle.
15:18 of 2nd period - Deflect By Paul Stastny.
15:18 of 2nd period - Goal by Paul Stastny - Kings : 0 - Canadiens : 3.
15:19 of 2nd period - Mikael Granlund wins face-off versus Saku Koivu in neutral zone.
15:19 of 2nd period - Tyler Myers is hit by Alexander Killorn and loses puck.
15:36 of 2nd period - Shot by Mikael Granlund.
15:36 of 2nd period - Stopped by Jonathan Bernier without a rebound.
15:37 of 2nd period - Michal Handzus wins face-off versus Paul Stastny in Canadiens zone.
16:34 of 2nd period - Icing by Paul Stastny.
16:35 of 2nd period - Paul Stastny wins face-off versus Ryan Nugent-Hopkins in Canadiens zone.
16:53 of 2nd period - Icing by Cam Fowler.
16:54 of 2nd period - Radim Vrbata wins face-off versus Mikael Granlund in Canadiens zone.
16:54 of 2nd period - Radim Vrbata is hit by Colin Wilson.
16:59 of 2nd period - Minor Penalty to Dennis Seidenberg for Interference.
17:00 of 2nd period - Michal Handzus wins face-off versus Alexander Steen in Kings zone.
19:09 of 2nd period - Jason Demers is hit by Kris Letang and loses puck.
19:51 of 2nd period - Cam Fowler is hit by Robyn Regehr.
Goals for this period are 0 for Kings vs 2 for Canadiens.
Shots for this period are 4 for Kings vs 12 for Canadiens.

3rd period


0:01 of 3rd period - Alexander Steen wins face-off versus Ryan Nugent-Hopkins in neutral zone.
0:24 of 3rd period - Icing by Cam Fowler.
0:25 of 3rd period - Mikael Granlund wins face-off versus Alexander Steen in Canadiens zone.
0:28 of 3rd period - Shot by Colin Wilson.
0:28 of 3rd period - Shot Misses the Net.
0:31 of 3rd period - Icing by Cam Fowler.
0:32 of 3rd period - Mikhail Grabovski wins face-off versus Alexander Steen in Canadiens zone.
0:32 of 3rd period - Kris Letang is hit by Radko Gudas and loses puck.
0:39 of 3rd period - Shot by Ryan Nugent-Hopkins.
0:39 of 3rd period - Shot Misses the Net.
0:48 of 3rd period - Minor Penalty to Chris Kunitz for Cross-checking.
0:49 of 3rd period - Michal Handzus wins face-off versus Paul Stastny in Canadiens zone.
0:50 of 3rd period - Shot by Sean Monahan.
0:50 of 3rd period - Stopped by Jonathan Bernier without a rebound.
0:51 of 3rd period - Michal Handzus wins face-off versus Paul Stastny in Canadiens zone.
0:59 of 3rd period - Icing by Sean Monahan.
1:00 of 3rd period - Paul Stastny wins face-off versus Michal Handzus in Kings zone.
1:23 of 3rd period - Shot by Mike Richards.
1:23 of 3rd period - Goal by Mike Richards - Kings : 1 - Canadiens : 3.
1:24 of 3rd period - Ryan Nugent-Hopkins wins face-off versus Saku Koivu in neutral zone.
1:24 of 3rd period - Mikhail Grabovski is hit by Saku Koivu and loses puck.
1:47 of 3rd period - Icing by Tobias Enstrom.
1:48 of 3rd period - Mikhail Grabovski wins face-off versus Alexander Steen in Kings zone.
1:48 of 3rd period - Mikhail Grabovski is hit by Chris Kunitz.
1:53 of 3rd period - Minor Penalty to Mike Weber for Holding.
1:54 of 3rd period - Paul Stastny wins face-off versus Michal Handzus in Canadiens zone.
2:11 of 3rd period - Shot by Sean Monahan.
2:11 of 3rd period - Shot Misses the Net.
2:13 of 3rd period - Shot by Kris Letang.
2:13 of 3rd period - Stopped by Jonathan Bernier without a rebound.
2:14 of 3rd period - Mikael Granlund wins face-off versus Paul Stastny in Canadiens zone.
3:16 of 3rd period - Shot by Michal Handzus.
3:16 of 3rd period - Stopped by Jonathan Bernier without a rebound.
3:17 of 3rd period - Manny Malhotra wins face-off versus Michal Handzus in Canadiens zone.
3:39 of 3rd period - Shot by Sean Monahan.
3:39 of 3rd period - Shot Blocked by Dan Girardi.
3:57 of 3rd period - Shot by Brian Gionta.
3:57 of 3rd period - Stopped by Jonathan Bernier without a rebound.
3:58 of 3rd period - Saku Koivu wins face-off versus Mikhail Grabovski in Canadiens zone.
4:19 of 3rd period - Jamie McBain is hit by Alexander Killorn and loses puck.
4:20 of 3rd period - Jamie McBain from Kings is injured at 4:20 of 3rd period (Back).
4:21 of 3rd period - Alexander Steen wins face-off versus Mikael Granlund in Kings zone.
4:58 of 3rd period - Minor Penalty to Brian Gionta for Holding.
4:59 of 3rd period - Paul Stastny wins face-off versus Michal Handzus in Kings zone.
4:59 of 3rd period - Paul Stastny is hit by Dennis Seidenberg.
5:29 of 3rd period - Shot by Paul Stastny.
5:29 of 3rd period - Shot Misses the Net.
6:11 of 3rd period - Shot by Alexander Edler.
6:11 of 3rd period - Shot Misses the Net.
6:13 of 3rd period - Shot by Dan Girardi.
6:13 of 3rd period - Stopped by Steve Mason with a rebound.
6:30 of 3rd period - Shot by Chris Kunitz.
6:30 of 3rd period - Shot Misses the Net.
6:32 of 3rd period - Shot by Dan Girardi.
6:32 of 3rd period - Stopped by Steve Mason without a rebound.
6:33 of 3rd period - Mikhail Grabovski wins face-off versus Alexander Steen in Kings zone.
8:19 of 3rd period - Dennis Seidenberg is hit by Mike Weber and loses puck.
8:46 of 3rd period - Shot by Michal Handzus.
8:46 of 3rd period - Shot Misses the Net.
9:33 of 3rd period - Shot by Brian Gionta.
9:33 of 3rd period - Stopped by Jonathan Bernier without a rebound.
9:34 of 3rd period - Martin Erat wins face-off versus Ryan Nugent-Hopkins in Canadiens zone.
10:33 of 3rd period - Alexander Steen is hit by Dennis Seidenberg and loses puck.
10:40 of 3rd period - Shot by Alexander Steen.
10:40 of 3rd period - Shot Blocked by Dennis Seidenberg.
10:42 of 3rd period - Shot by Alexander Edler.
10:42 of 3rd period - Stopped by Steve Mason without a rebound.
10:43 of 3rd period - Mikael Granlund wins face-off versus Paul Stastny in Kings zone.
10:48 of 3rd period - Shot by Robyn Regehr.
10:48 of 3rd period - Deflect By Brian Gionta.
10:48 of 3rd period - Shot Misses the Net.
12:01 of 3rd period - Shot by J.T. Brown.
12:01 of 3rd period - Shot Misses the Net.
12:03 of 3rd period - Shot by Michal Handzus.
12:03 of 3rd period - Deflect By Nate Thompson.
12:03 of 3rd period - Stopped by Jonathan Bernier without a rebound.
12:04 of 3rd period - Mikhail Grabovski wins face-off versus Saku Koivu in Canadiens zone.
12:21 of 3rd period - Ryan Nugent-Hopkins is hit by Alexander Killorn and loses puck.
12:31 of 3rd period - Icing by Alexander Killorn.
12:32 of 3rd period - Saku Koivu wins face-off versus Mikael Granlund in Canadiens zone.
12:39 of 3rd period - Icing by Martin Erat.
12:40 of 3rd period - Saku Koivu wins face-off versus Brian Gionta in Canadiens zone.
12:59 of 3rd period - Shot by Mikael Granlund.
12:59 of 3rd period - Stopped by Jonathan Bernier with a rebound.
13:01 of 3rd period - Shot by Kris Letang.
13:01 of 3rd period - Stopped by Jonathan Bernier with a rebound.
13:03 of 3rd period - Shot by Dennis Seidenberg.
13:03 of 3rd period - Shot Misses the Net.
13:20 of 3rd period - Shot by Mikael Granlund.
13:20 of 3rd period - Stopped by Jonathan Bernier without a rebound.
13:21 of 3rd period - Alexander Steen wins face-off versus Ryan Nugent-Hopkins in Canadiens zone.
13:41 of 3rd period - Ryan Nugent-Hopkins is hit by Mike Weber and loses puck.
13:52 of 3rd period - Shot by Alexander Steen.
13:52 of 3rd period - Shot Blocked by Tobias Enstrom.
14:05 of 3rd period - Ryan Nugent-Hopkins is hit by Mike Weber and loses puck.
14:20 of 3rd period - Shot by Nate Thompson.
14:20 of 3rd period - Shot Misses the Net.
14:25 of 3rd period - J.T. Brown is hit by Mike Weber and loses puck.
14:42 of 3rd period - Shot by Robyn Regehr.
14:42 of 3rd period - Stopped by Jonathan Bernier without a rebound.
14:43 of 3rd period - Mikael Granlund wins face-off versus Paul Stastny in Canadiens zone.
15:12 of 3rd period - Shot by Mikael Granlund.
15:12 of 3rd period - Shot Misses the Net.
17:01 of 3rd period - Shot by Brenden Morrow.
17:01 of 3rd period - Stopped by Steve Mason without a rebound.
17:02 of 3rd period - Alexander Steen wins face-off versus Ryan Nugent-Hopkins in Kings zone.
17:02 of 3rd period - Alexander Steen is hit by Robyn Regehr.
17:06 of 3rd period - Shot by Radim Vrbata.
17:06 of 3rd period - Deflect By Chris Kunitz.
17:06 of 3rd period - Shot Misses the Net.
17:08 of 3rd period - Shot by Alexander Steen.
17:08 of 3rd period - Stopped by Steve Mason without a rebound.
17:09 of 3rd period - Ryan Nugent-Hopkins wins face-off versus Alexander Steen in Kings zone.
17:49 of 3rd period - Shot by Chris Kunitz.
17:49 of 3rd period - Stopped by Steve Mason without a rebound.
17:50 of 3rd period - Manny Malhotra wins face-off versus Mikael Granlund in Kings zone.
18:11 of 3rd period - Shot by Martin Erat.
18:11 of 3rd period - Shot Blocked by Kris Letang.
18:13 of 3rd period - Shot by Manny Malhotra.
18:13 of 3rd period - Stopped by Steve Mason without a rebound.
18:14 of 3rd period - Paul Stastny wins face-off versus J.T. Brown in Kings zone.
18:31 of 3rd period - Shot by J.T. Brown.
18:31 of 3rd period - Shot Blocked by Jordan Eberle.
19:22 of 3rd period - Robyn Regehr is hit by Mason Raymond and loses puck.
19:39 of 3rd period - Shot by Ryan Nugent-Hopkins.
19:39 of 3rd period - Shot Misses the Net.
19:51 of 3rd period - Shot by Mike Richards.
19:51 of 3rd period - Shot Misses the Net.
Goals for this period are 1 for Kings vs 0 for Canadiens.
Shots for this period are 11 for Kings vs 7 for Canadiens.


Output by the SimonT Hockey Simulator (STHS) for Stephane Roy -- Original Page W3C XHTML 1.0 Valid
Hockey Simulator - Hockey Simulation - Hockey Manager